 Dungeon Crawl Stone Soup version 0.26.1-11-gd32895ea62 (webtiles) character file.

Game seed: 17809201883143765612

56 Zeld the Insei (level 3, -1/23 HPs)
             Began as an Octopode Transmuter on May 28, 2021.
             Succumbed to a water moccasin's poison
             ... on level 3 of the Dungeon.
             The game lasted 00:01:11 (1231 turns).

Zeld the Insei (Octopode Transmuter)                Turns: 1231, Time: 00:01:12

Health: -1/23      AC:  2    Str: 10    XL:     3   Next: 95%
Magic:  4/7        EV: 20    Int: 15    God:
Gold:   200        SH:  0    Dex: 17    Spells: 1/7 levels left

rFire    . . .     SeeInvis .     - Unarmed
rCold    . . .     Faith    .   (shield currently unavailable)
rNeg     . . .     Spirit   .   (helmet currently unavailable)
rPois    x         Reflect  .   (no amulet)
rElec    .         Harm     .   (no ring)
rCorr    .         Rampage  .   (no ring)
Will     .....                  (no ring)
Stlth    ++........             (no ring)
HPRegen  0.07/turn              (no ring)
MPRegen  0.10/turn              (no ring)
                                (no ring)
                                (no ring)

@: lethally poisoned (-1 -> -34), spider-form, attractive
A: tiny, almost no armour, stealthy swim, (amphibious), 8 rings, (constrict 8)
a: End Transformation


You were on level 3 of the Dungeon.
You were a venomous arachnid creature.
You visited 1 branch of the dungeon, and saw 3 of its levels.

You collected 200 gold pieces.

Inventory:

Potions
 a - a potion of flight {unknown}
 c - a potion of berserk rage {unknown}


   Skills:
 + Level 1.6 Fighting
 + Level 2.4 Dodging
 - Level 3.0 Unarmed Combat
 * Level 2.7 Spellcasting
 * Level 2.8 Transmutations


You had one spell level left.
You knew the following spells:

 Your Spells              Type           Power        Failure   Level
a - Beastly Appendage     Tmut           20%          17%         1
b - Wereblood             Tmut           10%          24%         2
c - Spider Form           Tmut/Pois      3%           56%         3

Your spell library contained the following spells:

 Spells                   Type           Power        Failure   Level
 Animate Skeleton         Necr           4%           41%         1
 Apportation              Tloc           4%           41%         1
 Corona                   Hex            2%           41%         1
 Summon Small Mammal      Summ           8%           41%         1
 Ice Form                 Ice/Tmut       6%           89%         4
 Blade Hands              Tmut           5%           96%         5


Dungeon Overview and Level Annotations

Branches:
Dungeon (3/15)

Altars:


Innate Abilities, Weirdness & Mutations

You cannot wear most types of armour.
You are very stealthy in the water. (Stealth+)
((You are amphibious.))
You can wear up to eight rings at the same time.
((You can use your tentacles to constrict eight enemies at once.))
((Your skin changes colour to match your surroundings (Stealth+).))
((Your rubbery body absorbs attacks. (AC +1, EV +1)))


Message History

a cursed -3 club; a +0 club
Casting: Beastly Appendage (safe; 6% risk of failure)
Confirm with . or Enter, or press ? or * to list all spells.
The spell is extremely dangerous to cast (34% risk of failure)!
Continue anyway? [Y]es or [N]o only, please.
The spell is extremely dangerous to cast (34% risk of failure)!
Continue anyway?
You turn into a venomous arachnid creature.
The water moccasin bites you!
* * * LOW HITPOINT WARNING * * *
You are lethally poisoned!
The water moccasin poisons you!
You hit the water moccasin.
The water moccasin is moderately wounded.
* * * LOW HITPOINT WARNING * * *
You feel very sick. The water moccasin closely misses you.
Unknown command.
It was a potion of attraction.
You feel attractive to monsters.
You die...

# ### ##....
....# .#
#.#.####..# .#
#.##.........#
.#
#.....<†.....#
.# #S# .#
#########s# .#
.......)..# .#
######...# .#
#.#.# .# #.#.#
## #..# ##.#.#
#..#
####.†..####.
#..#
#............
#..#
#.##....###..


You could see a water moccasin.

Vanquished Creatures
  3 adders
  A dart slug (D:1)
  A ball python (D:2)
  A giant cockroach (D:2)
  5 goblins
  4 hobgoblins
  2 kobolds (D:2)
  4 bats
  4 frilled lizards
  A rat (D:2)
26 creatures vanquished.

Vanquished Creatures (others)
  3 fungi (D:2)
  A plant (D:1)
  3 toadstools (D:2)
7 creatures vanquished.

Grand Total: 33 creatures vanquished

Notes
Turn   | Place    | Note
-------+----------+-------------------------------------------
     0 | D:1      | Zeld the Octopode Transmuter began the quest for the Orb.
     0 | D:1      | Reached XP level 1. HP: 13/13 MP: 3/3
   260 | D:1      | Reached XP level 2. HP: 15/18 MP: 3/5
   263 | D:1      | Learned a level 2 spell: Wereblood
   719 | D:2      | Reached XP level 3. HP: 23/23 MP: 6/6
   723 | D:2      | Learned a level 3 spell: Spider Form
  1209 | D:3      | Noticed a water moccasin
  1230 | D:3      | HP: 1/23 [poisoned by a water moccasin]
  1231 | D:3      | Succumbed to a water moccasin's poison

Illustrated notes

Levels and vault maps discovered:
D:1:      co_arrival_random_square_maze, layout_loops_ring, serial_forest,
          infiniplex_forest_zigzag_1, infiniplex_forest_end_2,
          infiniplex_forest_lined_ring, infiniplex_forest_lined_1,
          infiniplex_forest_lined_room_, infiniplex_forest_corner_1,
          infiniplex_forest_split, infiniplex_forest_end_2
D:2:      layout_rooms, minmay_crystal_room, minmay_gold_behind_fungi
D:3:      layout_loops_ring, marbit_many_paths, lemuel_crystal_altar,
          makhleb_blood_cavern_becter

Action                   || total
-------------------------++-------
Melee: Unarmed           ||    71
       Constrict         ||    23
       Tentacles         ||    15
       Kick              ||     7
       Punch             ||     1
 Cast: Beastly Appendage ||    15
       Spider Form       ||     1
  Use: Potion            ||     1
 Stab: Sleeping          ||     2
Armor: Skin              ||     6
Dodge: Dodged            ||    40
